 Dungeon Crawl Stone Soup version 0.19.5 (webtiles) character file.

35 genrtul the Vexing (level 3, -3/24 HPs)
             Began as a Vampire Enchanter on Mar 12, 2017.
             Slain by a gnoll
             ... wielding a cursed -1 spear
              (5 damage)
             ... on level 3 of the Dungeon.
             The game lasted 00:07:05 (1693 turns).

genrtul the Vexing (Vampire Enchanter)              Turns: 1693, Time: 00:07:06

Health: -3/24      AC:  3    Str:  7    XL:     3   Next: 16%
Magic:  1/6        EV: 13    Int: 17    God:
Gold:   55         SH:  0    Dex: 15    Spells: 3 memorised, 0 levels left

rFire  . . .     SeeInvis +     a - +1 dagger
rCold  + . .     Gourm    .     b - +1 robe
rNeg   + + .     Faith    .     (no shield)
rPois  +         Spirit   .     (no helmet)
rElec  .         Reflect  .     (no cloak)
rCorr  .         Harm     .     (no gloves)
MR     .....                    (no boots)
Stlth  ++++......               (no amulet)
                                (no ring)
                                (no ring)

@: very slightly contaminated, regenerating slowly
A: fangs 3, see invisible, unbreathing
a: Bat Form


You were on level 3 of the Dungeon.
You were very thirsty.

You visited 1 branch of the dungeon, and saw 3 of its levels.

You collected 55 gold pieces.

Inventory:

Hand Weapons
 a - a +1 dagger (weapon)
 h - a +0 hunting sling
Armour
 b - a +1 robe (worn)
 p - a +2 robe of cold resistance
Jewellery
 q - a cursed amulet of inaccuracy {unknown}
Scrolls
 e - 2 scrolls of recharging {unknown}
 g - 7 scrolls of identify {unknown}
 k - a scroll of magic mapping {unknown}
 l - 2 scrolls of noise {unknown}
 n - a scroll of amnesia {unknown}
 o - a scroll of immolation {unknown}
Potions
 d - a potion of blood
 f - a potion of agility {unknown}
 i - 2 potions of heal wounds {unknown}
 j - a potion of degeneration {unknown}
 m - 2 potions of curing {unknown}
 r - a potion of ambrosia {unknown}
Books
 c - a book of Maledictions

   Spells                             Type                      Level
   a - Corona                         Hexes                        1
   b - Ensorcelled Hibernation        Hexes/Ice                    2
   c - Confuse                        Hexes                        3
   d - Tukima's Dance                 Hexes                        3
   e - Dazzling Spray                 Conjuration/Hexes            3


   Skills:
 + Level 1.2 Short Blades
 + Level 2.3 Dodging
 + Level 5.1 Stealth
 + Level 2.3 Spellcasting
 + Level 5.2 Hexes


You couldn't memorise any spells.
You knew the following spells:

 Your Spells              Type           Power        Failure   Level  Hunger
a - Corona                Hex            ###....      2%          1    #......
b - Ensorcelled Hibernat  Hex/Ice        ##....       12%         2    ###....
c - Tukima's Dance        Hex            ###.....     10%         3    ###....


Dungeon Overview and Level Annotations

Branches:
Dungeon (3/15)

Altars:
Gozag


Innate Abilities, Weirdness & Mutations

You heal slowly.
You have razor-sharp teeth.
You have supernaturally acute eyesight. (SInv)
You can survive without breathing.


Message History

The gnoll closely misses you.
You closely miss the gnoll.
The gnoll is severely wounded.
The gnoll completely misses you. The gnoll closely misses you.
You don't have enough magic at the moment.
The gnoll closely misses you. The gnoll misses you.
You hit the gnoll.
The gnoll is severely wounded.
The gnoll hits you with a whip.
* * * LOW HITPOINT WARNING * * *
You hit the gnoll.
The gnoll is severely wounded.
The gnoll hits you from afar with a spear.
* * * LOW HITPOINT WARNING * * *
The gnoll closely misses you.
You hit the gnoll.
The gnoll is almost dead.
The gnoll hits you from afar with a spear.
You die...

### #.# #.. #.# #.#. #..
#.#g### #.# #####@#g.g#
... ...##g###.# ######.#
####.#.gg...# .....#.#
.........####### ####.#.#
##...#.##......#
...>.#.#.##...#.......#.#
###.##.#......#..#....# #
#....####...#......### #
#.##........#..<.......


You could see 3 gnolls.

Vanquished Creatures
  2 oozes (D:1)
  A giant cockroach (D:2)
  7 hobgoblins
  3 jackals (D:2)
  A ball python (D:3)
  2 bats (D:2)
  A frilled lizard (D:2)
  3 goblins
  3 kobolds
  3 rats
26 creatures vanquished.

Vanquished Creatures (others)
  A dancing weapon (D:2)
1 creature vanquished.

Grand Total: 27 creatures vanquished

Notes
Turn   | Place    | Note
-------+----------+-------------------------------------------
     0 | D:1      | genrtul the Vampire Enchanter began the quest for the Orb.
     0 | D:1      | Reached XP level 1. HP: 13/13 MP: 3/3
   143 | D:1      | Reached XP level 2. HP: 12/19 MP: 5/5
   302 | D:2      | Learned a level 2 spell: Ensorcelled Hibernation
   620 | D:2      | Reached skill level 5 in Hexes
  1365 | D:2      | Reached XP level 3. HP: 21/24 MP: 4/6
  1375 | D:2      | Learned a level 3 spell: Tukima's Dance
  1450 | D:2      | Reached skill level 5 in Stealth
  1546 | D:3      | Found an opulent altar of Gozag.
  1546 | D:3      | Found a faded altar of an unknown god.
  1553 | D:3      | Found a faded altar of an unknown god.
  1555 | D:3      | Found a faded altar of an unknown god.
  1556 | D:3      | Found a faded altar of an unknown god.
  1693 | D:3      | Slain by a gnoll

Skill      XL: |  1  2  3 |
---------------+----------+-----
Hexes          | 5 |  5.2
Stealth        | 5 |  5.1
Short Blades   | |  1.2
Dodging        | |  2.3
Spellcasting   | |  2.3

Action                   || total
-------------------------++-------
Melee: Dagger            ||    98
       Bite              ||     5
 Cast: Ensorcelled Hiber ||     7
       Tukima's Dance    ||     2
 Stab: Sleeping          ||    15
       Distracted        ||     1
  Eat: Corpse            ||     1
Armor: Robe              ||    13
Dodge: Dodged            ||    64
